Map: Cerulean Fall LE

Players

CoachZ

  • Race: Terran Terran
  • League: Diamond
  • Spawn Location: 7:00

DaddyTugboat - Winner!

  • Race: Zerg Zerg
  • League: Diamond
  • Spawn Location: 1:00

Event: Cheeseadelphia 8

VOD

Have the link to the VOD?

Description

Time

  • Played on: Dec. 8, 2018, 9:47 a.m.
  • Length: 12:47

All games in this series

Show
View Real Time Build Order
Export as new Build Order

CoachZ Terran 

Build Orders:  

Get SALT Encoding   

  12  0:00  SCV  
  13  0:13  SCV  
  14  0:20  Supply Depot  
  14  0:25  SCV  
  15  0:42  SCV  
  16  0:43  Barracks  
  16  0:49  Refinery  
  16  0:54  SCV  
  16  1:07  SCV  
  17  1:13  Refinery  
  17  1:19  SCV  
  19  1:36  Orbital Command  
  18  1:42  Reaper  
  19  2:02  SCV  
  19  2:06  Factory  
  20  2:14  SCV  
  21  2:19  Marine  
  22  2:26  SCV  
  23  2:37  Marine  
  23  2:39  Supply Depot x2  
  23  2:49  Starport  
  23  2:57  Supply Depot  
  23  3:00  Marine, SCV  
  23  3:01  Hellion  
  27  3:13  SCV  
  27  3:18  Marine  
  27  3:19  Barracks  
  29  3:24  Hellion  
  31  3:29  Starport Tech Lab  
  31  3:36  Marine  
  32  3:48  Banshee  
  32  3:54  Marine  
  36  4:08  Command Center  
  36  4:11  SCV  
  32  4:44  Marine  
  32  4:45  Marine  
  31  4:46  SCV  
  31  4:48  Hellion  
  34  4:58  SCV  
  35  5:06  Barracks Tech Lab  
  35  5:09  Hellion  
  35  5:11  Barracks x2, Marine  
  35  5:12  Barracks  
  38  5:26  Marine  
  39  5:29  Marine, Stimpack  
  39  5:31  Hellion  
  42  5:41  Orbital Command  
  39  5:44  Marine  
  40  5:58  SCV  
  40  6:02  Marine x3, Barracks Reactor  
  44  6:07  SCV  
  44  6:10  SCV  
  48  6:12  Starport Reactor  
  47  6:19  Marine, SCV  
  47  6:22  Barracks Tech Lab  
  47  6:24  Barracks Tech Lab  
  47  6:25  Barracks Tech Lab  
  48  6:26  SCV  
  48  6:30  Widow Mine  
  48  6:31  SCV  
  52  6:38  SCV  
  53  6:40  Marine x2  
  53  6:41  Marine  
  53  6:43  SCV  
  57  6:50  SCV  
  57  6:51  Widow Mine  
  60  6:54  Medivac, Command Center  
  60  6:59  Supply Depot  
  62  7:03  Supply Depot  
  62  7:21  Marine x6, SCV x2  
  70  7:24  Medivac  
  70  7:25  Medivac  
  74  7:30  Combat Shield  
  74  7:38  SCV  
  74  7:39  Marine, Marauder  
  74  7:41  Marine  
  74  7:42  Marine  
  74  7:43  Marine, Marauder  
  63  7:48  Widow Mine  
  64  7:54  Medivac  
  64  7:55  Medivac  
  64  7:56  Marine  
  69  7:59  Marine  
  69  8:00  Marine x2  
  69  8:05  Marauder  
  74  8:06  Supply Depot  
  74  8:07  Supply Depot, Orbital Command  
  74  8:10  SCV x2, Widow Mine  
  78  8:14  Liberator, Marine  
  78  8:15  Marauder  
  78  8:19  Marine, Marauder  
  84  8:24  Marauder  
  84  8:25  Marine  
  90  8:37  SCV x2  
  90  8:38  SCV  
  93  8:47  Marine x2, Marauder x2  
  99  8:49  SCV x2  
  99  8:50  SCV  
  99  8:54  Marauder  
  99  8:55  Marauder  
  106  9:04  Marine  
  106  9:07  Orbital Command  
  102  9:10  Widow Mine  
  95  9:25  Marine x3, Marauder x2  
  95  9:26  Marauder  
  104  9:31  Widow Mine  
  106  9:43  Marine  
  106  9:44  Marauder, SCV x2  
  109  9:45  SCV  
  109  9:52  Marauder  
  105  9:56  SCV x2  
  105  9:57  SCV  
  106  10:04  Marine, Marauder  
  106  10:05  Marauder  
  109  10:07  Marauder  
  109  10:08  Medivac  
  108  10:17  Medivac  
  97  10:24  Marine x2  
  97  10:26  Marauder  
  97  10:27  Marauder  
  97  10:28  Marine  
  88  10:30  SCV x3  
  91  10:37  Supply Depot  
  91  10:38  Medivac  
  91  10:39  Supply Depot  
  91  10:42  Marine, SCV x2  
  96  10:46  SCV, Marauder  
  96  10:47  Medivac, Marauder  
  103  10:54  SCV  
  102  11:06  Marine x2, Marauder  
  102  11:07  Marauder  
  102  11:08  Medivac, SCV  
  102  11:09  SCV x2, Marauder  
  115  11:20  SCV  
  115  11:21  SCV x2  
  115  11:24  Factory Tech Lab, Marine x2  
  120  11:27  Marine  
  120  11:29  Refinery  
  120  11:30  Refinery  
  121  11:33  Refinery  
  121  11:35  Refinery, Marine x2  
  121  11:37  Refinery  
  123  11:42  Marine x2  
  125  11:52  Supply Depot x2  
  125  11:56  Barracks  
  125  11:57  Barracks  
  125  12:02  Marine  
  125  12:03  Marine  
  125  12:04  Marine x3  
  77  12:20  Marine  
  77  12:21  Marine x2  
  77  12:22  Marauder  
Show
View Real Time Build Order
Export as new Build Order

DaddyTugboat Zerg - Winner!

Build Orders: Hatch First 

Get SALT Encoding   

  12  0:01  Drone  
  13  0:13  Overlord  
  13  0:18  Drone  
  14  0:32  Drone x2  
  16  0:56  Hatchery  
  15  0:59  Drone  
  15  1:00  Drone  
  15  1:03  Drone  
  18  1:14  Extractor  
  17  1:21  Spawning Pool  
  17  1:24  Drone  
  17  1:28  Drone  
  17  1:31  Drone  
  19  1:47  Drone  
  20  1:55  Drone  
  21  2:07  Queen x2  
  25  2:08  Zergling x4  
  27  2:20  Metabolic Boost  
  27  2:32  Hatchery  
  26  2:40  Overlord  
  26  2:43  Drone  
  27  2:55  Drone  
  28  3:00  Pneumatized Carapace  
  28  3:02  Drone  
  29  3:05  Drone  
  29  3:06  Drone x3  
  33  3:22  Drone x2  
  33  3:24  Overlord  
  35  3:30  Queen  
  35  3:33  Overlord  
  35  3:47  Queen  
  38  3:48  Zergling x2  
  38  3:49  Zergling x10  
  38  3:55  Drone x3  
  46  4:03  Baneling Nest  
  45  4:19  Spore Crawler  
  45  4:22  Spore Crawler  
  42  4:26  Spore Crawler  
  39  4:38  Drone  
  39  4:39  Lair  
  39  4:40  Drone x10  
  50  4:46  Queen  
  52  5:00  Extractor  
  52  5:05  Evolution Chamber  
  52  5:06  Evolution Chamber  
  49  5:08  Drone x4  
  49  5:10  Drone  
  49  5:11  Drone x4  
  49  5:13  Overlord  
  57  5:33  Zerg Melee Weapons Level 1, Zerg Ground Armor Level 1  
  57  5:34  Drone x7  
  64  5:45  Extractor  
  63  5:50  Drone x2  
  63  5:51  Drone  
  63  5:52  Overlord x2  
  66  6:05  Overlord, Hatchery  
  66  6:06  Overlord x2  
  66  6:07  Centrifical Hooks  
  65  6:14  Extractor  
  64  6:18  Drone  
  64  6:20  Hydralisk Den  
  64  6:21  Drone  
  64  6:22  Drone x7  
  72  6:32  Overseer  
  72  6:37  Drone  
  72  6:38  Drone  
  72  6:39  Drone x4  
  79  6:40  Drone  
  79  6:45  Extractor  
  78  6:47  Zergling x2  
  78  6:48  Zergling x8  
  78  6:49  Baneling  
  78  6:50  Baneling  
  78  6:51  Baneling x4  
  83  7:08  Grooved Spines  
  83  7:18  Zergling x24  
  83  7:19  Hatchery, Zergling x2  
  95  7:33  Hydralisk x3  
  90  7:48  Zerg Melee Weapons Level 2, Zerg Ground Armor Level 2  
  90  7:49  Queen  
  92  7:53  Drone  
  92  7:54  Drone x3, Extractor  
  92  7:55  Drone  
  92  7:56  Drone x2  
  98  8:01  Queen  
  98  8:03  Zergling x2  
  98  8:04  Zergling x4  
  98  8:05  Overlord  
  103  8:06  Overlord  
  103  8:07  Overseer  
  103  8:25  Muscular Augments  
  103  8:26  Drone x3  
  106  8:28  Spore Crawler x2  
  106  8:30  Spore Crawler  
  106  8:31  Zergling x18  
  106  8:32  Zergling x2  
  113  8:36  Drone  
  113  8:39  Infestation Pit  
  113  8:43  Hydralisk  
  113  8:44  Hydralisk  
  113  8:46  Overlord x2  
  117  9:16  Hydralisk  
  116  9:17  Hydralisk x8  
  133  9:37  Drone x4, Extractor  
  133  9:38  Drone  
  134  9:40  Hive  
  134  9:42  Pathogen Glands  
  134  9:44  Spire  
  131  9:58  Baneling x13  
  131  9:59  Zergling x14  
  134  10:01  Overlord x5  
  121  10:34  Spire  
  120  10:35  Hydralisk  
  120  10:36  Hydralisk x6  
  120  10:37  Zergling x2  
  120  10:38  Zergling x32  
  151  11:01  Greater Spire, Hatchery  
  150  11:06  Hatchery  
  150  11:07  Hatchery  
  146  11:20  Overlord x3  
  146  11:21  Hydralisk x5, Overlord  
  146  11:22  Overseer, Zergling x2  
  146  11:23  Zergling x28  
  171  11:33  Overlord x4  
  171  11:45  Corruptor x2  
  171  11:46  Corruptor x7  
  188  11:56  Baneling x7  
  162  12:20  Zergling x10  
  162  12:21  Zergling x26  
Tags
 
Add a new tag
Caveats
  • Supply blocks, unpowered buildings, or Contaminate may cause inaccurate times.
  • Supply counts are checked every 10 seconds.